 Dungeon Crawl Stone Soup version 0.25-a0-860-gf695395b5c (webtiles) character file.

Game seed: 14095858318516409011, levelgen mode: deterministic

121 Esekla the Ducker (level 4, 0/21 HPs)
             Began as a Spriggan Ice Elementalist on Apr 27, 2020.
             Was an Initiate of Gozag.
             Slain by a centaur skeleton (4 damage)
             ... on level 4 of the Dungeon.
             The game lasted 00:30:20 (4823 turns).

Esekla the Ducker (Spriggan Ice Elementalist)       Turns: 4823, Time: 00:30:21

Health: 0/21       AC:  3    Str:  5    XL:     4   Next: 76%
Magic:  7/10       EV: 21    Int: 16    God:    Gozag
Gold:   403        SH:  0    Dex: 16    Spells: 3/10 levels left

rFire    . . .     SeeInvis +   e - +0 dagger
rCold    . . .     Gourm    .   (shield restricted)
rNeg     . . .     Faith    .   a - +1 robe
rPois    .         Spirit   .   (helmet restricted)
rElec    .         Reflect  .   (no cloak)
rCorr    .         Harm     .   (gloves unavailable)
MR       .....                  (boots unavailable)
Stlth    ++........             (no amulet)
HPRegen  0.07/turn              (no ring)
MPRegen  0.12/turn              (no ring)

@: frozen ramparts, very quick
A: very small, unfitting armour, see invisible, herbivore, speed 3, slow
metabolism 2
a: Potion Petition, Call Merchant, Bribe Branch, Renounce Religion


You were on level 4 of the Dungeon.
You worshipped Gozag.
Gozag was aware of your devotion.
You were hungry.

You visited 2 branches of the dungeon, and saw 7 of its levels.

You collected 460 gold pieces.
You paid 57 gold pieces to Gozag.

Inventory:

Hand Weapons
 e - a +0 dagger (weapon)
 m - a +0 hunting sling of flaming
Missiles
 d - 9 poisoned darts (quivered)
 q - 4 boomerangs
Armour
 a - a +1 robe (worn)
 s - a +0 hat
Jewellery
 l - an uncursed ring of teleportation
 w - a +2 ring of strength {unknown}
Wands
 h - a wand of polymorph (6)
Scrolls
 f - a scroll of fear
 g - 3 scrolls of identify
 i - 2 scrolls of enchant armour
 j - a scroll of amnesia {unknown}
 o - a scroll of teleportation
 p - a scroll of noise {unknown}
 r - a scroll of magic mapping {unknown}
 t - a scroll of enchant weapon {unknown}
 u - a scroll of fog {unknown}
Potions
 b - 2 potions of resistance {unknown}
 k - a potion of flight
 n - a potion of heal wounds {unknown}
 v - a potion of curing {unknown}
Comestibles
 c - 10 rations


   Skills:
 + Level 0.1 Fighting
 + Level 0.3 Short Blades
 * Level 5.7 Dodging
 - Level 3.0 Stealth
 * Level 3.7 Spellcasting
 * Level 1.9 Charms
 + Level 3.4 Ice Magic


You had 3 spell levels left.
You knew the following spells:

 Your Spells              Type           Power        Failure   Level  Hunger
a - Ozocubu's Armour      Chrm/Ice       ##......     17%         3    ###....
c - Freeze                Ice            ##..         4%          1    None
r - Frozen Ramparts       Ice            ##....       13%         3    ###....

Your spell library contained the following spells:

 Spells                   Type           Power        Failure   Level  Hunger
 Hailstorm                Conj/Ice       #.......     65%         4    ####...
 Summon Ice Beast         Ice/Summ       #.......     65%         4    ####...


Dungeon Overview and Level Annotations

Branches:
Dungeon (6/15)             Temple (1/1) D:5

Altars:
Cheibriados
Dithmenos
Elyvilon
Fedhas
Gozag
Hepliaklqana
Kikubaaqudgha
Makhleb
Nemelex Xobeh
Okawaru
Qazlal
Ru
Sif Muna
Trog
Uskayaw
Vehumet
Wu Jian
Xom
Yredelemnul
Zin
The Shining One

Shops:
D:4 %

Annotations:
D:4 Natasha


Innate Abilities, Weirdness & Mutations

You are very small and have problems with some larger weapons.
You are too small for most types of armour.
You have supernaturally acute eyesight. (SInv)
You are a herbivore.
You cover ground extremely quickly.
You need to consume almost no food.


Message History

You hit the centaur skeleton.
The centaur skeleton is severely damaged.
The wall freezes the worker ant.
The wall freezes the centaur skeleton but do no damage.
The centaur skeleton misses you.
The wall freezes the worker ant.
You hit the centaur skeleton.
The centaur skeleton is severely damaged.
The centaur skeleton completely resists.
The wall freezes the centaur skeleton but do no damage.
The centaur skeleton hits you!
* * * LOW HITPOINT WARNING * * *
The wall freezes the worker ant.
The centaur skeleton completely resists.
The wall freezes the centaur skeleton but do no damage.
The wall freezes the worker ant.
The centaur skeleton completely resists.
The wall freezes the centaur skeleton but do no damage.
The centaur skeleton hits you.
You die...
Your body crumbles into a pile of gold.

######## .......#
######.#########
####...........#
<............#.###
####.#.#.........######## #
#.#.........Z@.......# #
#.###.#####a#..#####.# # #.#
#.# #.#..#####.####
####.###.# #.#...........#
...)...#.#####.##.#####.##.#
####......a.<..##.# #.##.##
#.......[###.# #.##..#
...#####.....# #.###.# .
#.##### ..# #.#


You could see a worker ant and a centaur skeleton.

Vanquished Creatures
  6 adders
  2 oozes
  A dart slug (D:2)
  2 leopard geckos
  An orc (D:2)
  3 giant cockroaches
  6 goblins
  8 hobgoblins
  A jackal (D:2)
  3 quokkas
  10 bats
  5 frilled lizards
  5 kobolds
  2 rats
55 creatures vanquished.

Notes
Turn   | Place    | Note
-------+----------+-------------------------------------------
     0 | D:1      | Esekla the Spriggan Ice Elementalist began the quest for
                  | the Orb.
     0 | D:1      | Reached XP level 1. HP: 9/9 MP: 5/5
   765 | D:4      | Found Jufyuxti's Food Emporium.
   846 | D:4      | Noticed an orc priest
   849 | D:4      | Noticed Natasha
   853 | D:5      | Entered Level 5 of the Dungeon
   891 | D:5      | Found a staircase to the Ecumenical Temple.
   897 | Temple   | Entered the Ecumenical Temple
  1644 | D:4      | Noticed a worker ant
  1858 | Temple   | Became a worshipper of Gozag Ym Sagoz the Greedy
  2404 | D:3      | Reached XP level 2. HP: 11/13 MP: 6/6
  2685 | D:1      | Reached skill level 4 in Dodging
  3255 | D:1      | Reached XP level 3. HP: 11/16 MP: 4/8
  3265 | D:1      | Learned a level 3 spell: Frozen Ramparts
  3269 | D:1      | Learned a level 3 spell: Ozocubu's Armour
  3512 | D:3      | Reached skill level 1 in Charms
  3590 | D:3      | Reached skill level 5 in Dodging
  3772 | D:2      | Reached XP level 4. HP: 14/21 MP: 6/10
  4823 | D:4      | Slain by a centaur skeleton

Levels and vault maps discovered:
D:1:      kennysheep_arrival_seaside, layout_loops_ring
D:2:      layout_rooms, st_stairs_11, minmay_misc_feat_diagonals,
          minmay_misc_feat_encased, minmay_pentomino_u2
D:3:      layout_loops_corners
D:4:      layout_loops_ring, serial_shops, nicolae_shop_statue_plus,
          uniq_natasha, uniq_crazy_yiuf_cottage
D:5:      layout_basic, minmay_temple_entry_statues_pillars, first_ration,
          fedhas_altar_fruit_tree
D:6:      layout_loops_ring, uniq_prince_ribbit1
Temple:   regret_index_temple_sigil_plot

Skill      XL: |  1  2  3 |
---------------+----------+-----
Dodging        | 4 5 |  5.7
Spellcasting   | 3 |  3.7
Charms         | 1 |  1.9
Fighting       | |  0.1
Short Blades   | |  0.3
Stealth        | |  3.0
Ice Magic      | |  3.4

Action                   |  1- 3 |  4- 6 || total
-------------------------+-------+-------++-------
Melee: Dagger            |    94 |    56 ||   150
Throw: Dart              |    15 |     8 ||    23
 Cast: Freeze            |    17 |       ||    17
       Frozen Ramparts   |     5 |     8 ||    13
  Use: Scroll            |     6 |       ||     6
 Stab: Sleeping          |     1 |     3 ||     4
  Eat: Ration            |       |     1 ||     1
Armor: Robe              |    27 |     5 ||    32
Dodge: Dodged            |   174 |    51 ||   225

Table legend:
 A = Non-vault XP
 B = Vault XP
 C = Vault XP percentage of total XP
 D = Non-vault monster count
 E = Vault monster count
 F = Vault count percentage of total count
                 A         B        C        D         E       F
            +---------+---------+-------+---------+---------+-------
      Total |     152 |      21 |  12.1 |      50 |       5 |   9.1
            +---------+---------+-------+---------+---------+-------
        D:1 |      26 |       0 |   0.0 |      13 |       0 |   0.0
        D:2 |      65 |       7 |   9.7 |      16 |       3 |  15.8
        D:3 |      61 |      14 |  18.7 |      21 |       2 |   8.7
            +---------+---------+-------+---------+---------+-------
